 Dungeon Crawl Stone Soup version 0.32-a0-468-g38b2580584 (webtiles) character file.

Game seed: 16580542694801768873

1775 dialectric the Ducker (level 8, -5/78 HPs)
             Began as a Troll Fighter on Feb 24, 2024.
             Slain by a killer bee (8 damage)
             ... on level 8 of the Dungeon.
             The game lasted 00:07:52 (4246 turns).

dialectric the Ducker (Troll Fighter)               Turns: 4246, Time: 00:07:53

Health: -5/78      AC:  4    Str: 27    XL:     8   Next: 80%
Magic:  7/7        EV: 10    Int:  4    God:
Gold:   438        SH:  8    Dex:  9    Spells: 7/7 levels left

rFire   + . .        u - +2 flail (protect)
rCold   + . .        c - +0 kite shield
rNeg    . . .        b - +0 robe
rPois   .            (helmet restricted)
rElec   .            (no cloak)
rCorr   .            (gloves unavailable)
SInv    .            (boots unavailable)
Will    .....        (no amulet)
Stlth   +            j - ring of protection from cold
HPRegen 1.13/turn    q - ring of protection from fire
MPRegen 0.10/turn

%: no passive effects
@: lethally poisoned (-5 -> -6)
A: large, unfitting armour, claws 3, regeneration 1, shaggy fur 1, tough skin 1
a: no special abilities


You were on level 8 of the Dungeon.
You visited 1 branch of the dungeon, and saw 8 of its levels.
You also visited: Sewer.

You collected 438 gold pieces.

Inventory:

Hand Weapons
 a - a +0 flail
 u - a +2 flail of protection (weapon)
Armour
 b - a +0 robe (worn)
 c - a +0 kite shield (worn)
Jewellery
 j - a ring of protection from cold (left claw)
 q - a ring of protection from fire (right claw)
 t - an amulet of magic regeneration
 y - a +6 ring of strength
 D - a ring of magical power
 E - a ring of flight
Wands
 d - a wand of charming (9)
 v - a wand of polymorph (2)
 A - a wand of acid (7)
Scrolls
 f - 2 scrolls of vulnerability {unknown}
 g - 3 scrolls of enchant weapon {unknown}
 h - 5 scrolls of teleportation
 l - a scroll of poison {unknown}
 m - a scroll of fog {unknown}
 o - a scroll of enchant armour {unknown}
 r - 7 scrolls of noise {unknown}
 s - 7 scrolls of identify {unknown}
 w - a scroll of brand weapon {unknown}
 x - a scroll of summoning {unknown}
Potions
 e - a potion of haste {unknown}
 i - 3 potions of heal wounds {unknown}
 k - 2 potions of brilliance {unknown}
 n - 2 potions of invisibility {unknown}
 p - 2 potions of lignification {unknown}
 z - a potion of resistance {unknown}
 B - 3 potions of ambrosia {unknown}
 C - a potion of curing {unknown}
 F - a potion of attraction {unknown}


   Skills:
 - Level 4.0 Fighting
 + Level 5.9 Maces & Flails
 * Level 6.5 Dodging
 - Level 5.1 Shields


You had 7 spell levels left.
You didn't know any spells.
Your spell library contained the following spells:

 Spells                   Type           Power      Damage    Failure   Level
 Magic Dart               Conj           0%         1d3       73%         1
 Blink                    Tloc           0%         N/A       86%         2
 Call Imp                 Summ           0%         N/A       86%         2
 Cigotuvi's Dreadful Rot  Necr/Alch/Air  0%         N/A       86%         2
 Call Canine Familiar     Summ           0%         N/A       97%         3
 Sigil of Binding         Hex            0%         N/A       97%         3
 Stone Arrow              Conj/Erth      0%         3d7       97%         3
 Animate Armour           Summ/Erth      0%         N/A       100%        4
 Dimensional Bullseye     Hex/Tloc       0%         N/A       100%        4
 Ignite Poison            Fire/Alch      0%         N/A       100%        4
 Freezing Cloud           Conj/Ice/Air   0%         6-21      100%        5
 Lehudib's Crystal Spear  Conj/Erth      0%         10d2      100%        8


Dungeon Overview and Level Annotations

Branches:
Dungeon (8/15)             Temple (0/1) D:7           Sewer (visited)
   Lair: D:8-11

Altars:
Dithmenos
Fedhas
Gozag
Okawaru
Xom
Yredelemnul
The Shining One

Shops:
D:1 ?   D:4 =   D:6 =

Annotations:
D:5 Pikel
D:7 Jeremiah


Innate Abilities, Weirdness & Mutations

You are too large for most types of armour.
You have claws for hands.
Your natural rate of healing is unusually fast.
You are covered in fur. (AC +1)
You have tough skin. (AC +1)


Message History

You are more poisoned.
The killer bee poisons you!
You closely miss the killer bee.
The killer bee is severely wounded.
You feel very sick. The killer bee closely misses you.
The killer bee stings you.
You are more poisoned.
The killer bee poisons you!
You closely miss the killer bee.
The killer bee is severely wounded.
You feel very sick. The killer bee barely misses you.
The killer bee stings you but does no damage.
The killer bee barely misses you.
You sock the killer bee!
Your weapon exudes an aura of protection.
You kill the killer bee!
You feel very sick. The killer bee barely misses you.
You miss the killer bee.
You feel very sick. You block the killer bee's attack. x2
You closely miss the killer bee.
You feel sick. The killer bee closely misses you.
The killer bee barely misses you. x2
You closely miss the killer bee.
You feel sick. You block the killer bee's attack. The killer bee stings you.
* * * LOW HITPOINT WARNING * * *
You miss the killer bee.
You feel sick. The killer bee stings you.
* * * LOW HITPOINT WARNING * * *
You are more poisoned.
The killer bee poisons you! The killer bee stings you.
* * * LOW HITPOINT WARNING * * *
The killer bee closely misses you.
You barely miss the killer bee.
You feel very sick. You block the killer bee's attack. x2
You barely miss the killer bee.
You feel sick. The killer bee stings you.
* * * LOW HITPOINT WARNING * * *
The killer bee stings you!
You die...

#.# # # #...##
##.[..# #.#
#......# ##.#####
#.#
###.....###......#
#..
###....#.#####....
### ##.##.## ##
.##.# #.#
#######.######.
#....@y........
#.#####........
#.######.
.......y.......
##..../.######.
#......# #......#
#.....## #.....


You could see a killer bee.

Vanquished Creatures
  An ice beast (D:7)
  2 black bears
  2 ogres
  A centaur (D:7)
  2 lemures (D:5)
  A kobold brigand (D:7)
  A bullfrog (D:6)
  A gnoll sergeant (D:8)
  3 scorpions
  3 killer bees (D:8)
  A howler monkey (D:5)
  4 crimson imps
  4 hounds
  A jelly (D:7)
  2 orc priests
  Ijyb (D:3)
  A hell rat (Sewer)
  10 gnolls
  5 river rats
  5 adders
  A shadow imp (D:5)
  2 white imps (D:7)
  5 dart slugs
  2 ribbon worms (D:2)
  12 orcs
  5 endoplasms
  3 giant cockroaches
  11 goblins
  9 hobgoblins
  4 jackals (D:4)
  4 quokkas
  4 ball pythons
  3 bats
  3 frilled lizards
  9 kobolds
  11 rats
139 creatures vanquished.

Notes
Turn   | Place    | Note
-------+----------+-------------------------------------------
     0 | D:1      | dialectric the Troll Fighter began the quest for the Orb.
     0 | D:1      | Reached XP level 1. HP: 22/22 MP: 0/0
   138 | D:1      | Found Buczoesi's Magic Scroll Shoppe.
   143 | D:1      | Reached XP level 2. HP: 28/29 MP: 1/1
   554 | D:2      | Reached XP level 3. HP: 35/36 MP: 2/2
  1027 | D:3      | Noticed Ijyb
  1056 | D:3      | Killed Ijyb
  1057 | D:3      | Reached skill level 3 in Dodging
  1057 | D:3      | Reached XP level 4. HP: 45/45 MP: 3/3
  1223 | D:3      | Found a shadowy altar of Dithmenos.
  1223 | D:3      | Found a blossoming altar of Fedhas.
  1763 | D:4      | Reached XP level 5. HP: 51/53 MP: 4/4
  1926 | D:4      | Found a glowing golden altar of the Shining One.
  2061 | D:4      | Noticed a black bear
  2072 | D:4      | Killed a black bear
  2073 | D:4      | Reached XP level 6. HP: 40/61 MP: 5/5
  2110 | D:4      | Found Nacwav's Jewellery Boutique.
  2251 | D:5      | Entered Level 5 of the Dungeon
  2369 | D:5      | Found a glowing drain.
  2376 | Sewer    | Entered a sewer
  2787 | D:5      | Reached skill level 4 in Dodging
  2787 | D:5      | Reached XP level 7. HP: 68/70 MP: 6/6
  2840 | D:5      | Noticed Pikel
  2971 | D:6      | Found Seshru's Jewellery Shoppe.
  3103 | D:6      | You fall into a shaft and drop 1 floor!
  3106 | D:7      | Found a shimmering altar of Xom.
  3107 | D:7      | Found a staircase to the Ecumenical Temple.
  3185 | D:6      | Reached skill level 5 in Shields
  3221 | D:6      | Reached XP level 8. HP: 70/78 MP: 7/7
  3336 | D:6      | Found an iron altar of Okawaru.
  3417 | D:6      | Found an opulent altar of Gozag.
  3661 | D:7      | Found a basalt altar of Yredelemnul.
  3679 | D:7      | Reached skill level 5 in Dodging
  3761 | D:7      | Reached skill level 5 in Maces & Flails
  3765 | D:7      | Noticed Jeremiah
  4065 | D:7      | Reached skill level 6 in Dodging
  4246 | D:8      | HP: 3/78 [killer bee (2)]
  4246 | D:8      | Slain by a killer bee

Illustrated notes

Levels and vault maps discovered:
D:1:      dpeg_arrival_three_smaller_balls, layout_rooms, serial_shops, shop
D:2:      layout_basic
D:3:      layout_loops_ring, fedhas_altar_1, mainiacjoe_overflow_catwalk,
          kennysheep_path_1, kennysheep_flooded_box, minmay_circle_x, uniq_ijyb
D:4:      layout_basic, nicolae_tso_swordbearing_angel, serial_shops, shop,
          minmay_misc_feat_room
D:5:      layout_cave_pools, mainiacjoe_sewer_entry_somewhere_in_here_1,
          uniq_pikel
D:6:      layout_loops_cross, nicolae_gozag_seed_capital, kennysheep_mini_moat,
          serial_shops, shop
D:7:      layout_cave_pools, mainiacjoe_overflow_tiny_flanked, led_xom_imps,
          minmay_temple_entry_offerings, serial_shops,
          nicolae_shop_behind_doors, uniq_jeremiah
D:8:      layout_loops_ring, small_chamber_with_monster, uniq_prince_ribbit1

Skill      XL: |  1  2  3  4  5  6  7  8 |
---------------+-------------------------+-----
Maces & Flails | 2 3 4 5 |  5.9
Shields        | 3 4 5 |  5.1
Fighting       | 3 4 |  4.0
Dodging        | 3 4 6 |  6.5

Action                     |  1- 3 |  4- 6 |  7- 9 || total
---------------------------+-------+-------+-------++-------
  Melee: Flail             |   140 |   251 |   203 ||   594
  Evoke: Wand              |       |       |     1 ||     1
    Use: Potion            |     1 |       |       ||     1
         Scroll            |       |       |     1 ||     1
   Stab: Sleeping          |     1 |       |       ||     1
 Armour: Robe              |   102 |   242 |   161 ||   505
  Dodge: Dodged            |    57 |   149 |   115 ||   321
  Block: Kite shield       |    58 |   191 |   113 ||   362

Table legend: (Time is in decaauts)
 A = Elapsed time spent in this place.
 B = Non-inter-level travel time spent in this place.
 C = Inter-level travel time spent in this place.
 D = Time resting spent in this place.
 E = Time spent auto-exploring this place.
 F = Levels seen in this place.
 G = Mean time per level.
                   A        B        C        D        E       F      G
               +--------+--------+--------+--------+--------+-----+--------+
         Total |   4444 |   4199 |    245 |     15 |   2539 |   9 |  493.8 |
       Dungeon |   4329 |   4084 |    245 |     15 |   2527 |   8 |  541.1 |
         Sewer |    114 |    114 |      0 |      0 |     12 |   1 |  114.0 |
               +--------+--------+--------+--------+--------+-----+--------+

Top non-repeatable levels by time:
     D:6: 845 daAuts
     D:3: 709 daAuts
     D:4: 594 daAuts
     D:1: 574 daAuts
     D:2: 521 daAuts
     D:5: 504 daAuts
     D:7: 407 daAuts
     D:8: 173 daAuts
   Sewer: 114 daAuts
